 Dungeon Crawl Stone Soup version 0.27.1-1-g398f81649c (webtiles) character file.

Game seed: 18146958303582178651

59 jlumianski the Covered (level 3, 0/33 HPs)
             Began as a Deep Dwarf Fighter on Sept 8, 2021.
             Killed from afar by Sigmund (2 damage)
             ... with a magic dart
             ... on level 2 of the Dungeon.
             The game lasted 00:05:42 (968 turns).

jlumianski the Covered (Deep Dwarf Fighter)          Turns: 968, Time: 00:05:43

Health: 0/33       AC:  7    Str: 20    XL:     3   Next: 78%
Magic:  3/3        EV:  7    Int:  8    God:
Gold:   78         SH:  0    Dex: 12    Spells: 2/2 levels left

rFire    . . .     SeeInvis .   a - +0 war axe
rCold    . . .     Faith    .   c - +0 kite shield
rNeg     . . .     Spirit   .   b - +0 scale mail
rPois    +         Reflect  .   (no helmet)
rElec    .         Harm     .   (no cloak)
rCorr    .         Rampage  .   (no gloves)
Will     .....                  (no boots)
Stlth    ..........             (no amulet)
HPRegen  0.00/turn              e - ring of poison resistance
MPRegen  0.08/turn              (no ring)

@: confused, mighty, studying Unarmed Combat
A: damage resistance, heal wounds, sense surroundings 1, no regeneration
a: Heal Wounds


You were on level 2 of the Dungeon.
You visited 1 branch of the dungeon, and saw 2 of its levels.

You collected 78 gold pieces.

Inventory:

Hand Weapons
 a - a +0 war axe (weapon)
 g - a +1 short sword of protection
 h - a +2 short sword of venom
Missiles
 f - 19 poisoned darts (quivered)
 i - 48 bolts
 j - 6 stones
Armour
 b - a +0 scale mail (worn)
 c - a +0 kite shield (worn)
Jewellery
 e - a ring of poison resistance (left hand)
Potions
 d - a potion of might


   Skills:
 + Level 2.9 Fighting
 + Level 3.1 Axes
 + Level 4.2 Armour
 + Level 0.1 Dodging
 + Level 3.6 Shields


You had 2 spell levels left.
You didn't know any spells.
Your spell library was empty.

Dungeon Overview and Level Annotations

Branches:
Dungeon (2/15)

Altars:

Annotations:
D:2 Sigmund


Innate Abilities, Weirdness & Mutations

You are resistant to damage.
You can heal yourself by infusing magical energy.
You passively map a small area around you.
You do not regenerate.


Message History

You barely miss Sigmund.
Sigmund is severely wounded.
Sigmund points at you and mumbles some strange words.
You resist with some effort.
Sigmund casts a spell.
Sigmund flickers and vanishes!
Deactivating autopickup; reactivate with Ctrl-A.
You closely miss something. Something hits you but does no damage.
You barely miss something. Something hits you. Something burns you.
You hit something. Something hits you. Something burns you.
You miss something. Something hits you! Something burns you.
You closely miss something. Something hits you but does no damage.
You hit something.
You hear some strange, mumbled words.
You are confused.
Something hits you! Something burns you.
You completely miss something.
You hear some strange, mumbled words.
You are more confused.
You barely miss something. Something hits you!
* * * LOW HITPOINT WARNING * * *
Something burns you.
Okay, then.
You hear some strange, mumbled words.
You are more confused.
Okay, then.
A puff of flame appears from out of thin air!
The puff of flame hits you but does no damage.
Something completely misses you. Something hits you.
* * * LOW HITPOINT WARNING * * *
Something burns you.
* * * LOW HITPOINT WARNING * * *
You barely miss something. Something hits you.
* * * LOW HITPOINT WARNING * * *
Something burns you.
You hear some strange, mumbled words.
A magic dart appears from out of thin air!
The magic dart hits you.
You die...

#.........# *
#.........#
#.........##########.#
#....................# ,
#.........###...###### *
#.........###.#<#
#..........##.#@#
#.......{.....#.#
##.....@.#....#.# *
,#..[..<##......### * *
#.######..#....(.####..
, #..,
,,#.##.........w..
,......"@.....$.........
..$.......##....##......
, , ........##....#
#..... *,
........##....# #..(. ,
, ........####### #...


There were no monsters in sight!

Vanquished Creatures
  Terence (D:1)
  A worm (D:2)
  A dart slug (D:1)
  2 ball pythons (D:1)
  3 endoplasms (D:1)
  2 giant cockroaches (D:1)
  3 goblins (D:1)
  5 hobgoblins (D:1)
  2 quokkas (D:1)
  2 frilled lizards
  5 kobolds
  A rat (D:1)
28 creatures vanquished.

Notes
Turn   | Place    | Note
-------+----------+-------------------------------------------
     0 | D:1      | jlumianski the Deep Dwarf Fighter began the quest for the
                  | Orb.
     0 | D:1      | Reached XP level 1. HP: 20/20 MP: 1/1
     6 | D:1      | Noticed an imperial myrmidon
     6 | D:1      | Noticed a komodo dragon
     7 | D:1      | Noticed a frost giant
   205 | D:1      | Found a faded altar of an unknown god.
   235 | D:1      | Reached XP level 2. HP: 17/27 MP: 2/2
   283 | D:2      | Noticed Terence
   824 | D:1      | Killed Terence
   825 | D:1      | Reached skill level 4 in Armour
   825 | D:1      | Reached XP level 3. HP: 25/33 MP: 3/3
   930 | D:2      | Noticed Sigmund
   968 | D:2      | Killed from afar by Sigmund

Illustrated notes

Levels and vault maps discovered:
D:1:      onia_arrival_zoo_common, layout_loops_cross,
          chequers_ecumenical_altar_grove
D:2:      layout_rooms, uniq_sigmund, uniq_jessica, uniq_terence

Skill      XL: |  1  2  3 |
---------------+----------+-----
Armour         | 4 |  4.2
Axes           | 3 |  3.1
Fighting       | |  2.9
Dodging        | |  0.1
Shields        | |  3.6

Action                   || total
-------------------------++-------
Melee: War axe           ||    97
Throw: Dart              ||     1
 Abil: Heal Wounds       ||     3
  Use: Potion            ||     1
Armor: Scale mail        ||    37
Dodge: Dodged            ||    32
Block: Kite shield       ||    40
